[Event "Titled Tuesday Blitz April 25 Early 2023"]
[White "Gukesh D"]
[Black "Duda, Jan-Krzysztof"]
[WhiteFideId "46616543"]
[BlackFideId "1170546"]
[WhiteElo "2612"]
[BlackElo "2790"]
[Result "0-1"]
[Round "06"]
[TimeControl "180+2"]
[Date "2023.04.25"]
[WhiteClock "0:00:01"]
[BlackClock "0:00:03"]

1. d4 Nf6 2. Nf3 g6 3. c4 Bg7 4. Nc3 d5 5. e3 O-O 6. cxd5 Nxd5 7. Bc4 Nxc3 8. bxc3 c5 9. O-O Qc7 10. Qe2 Nc6 11. Ba3 b6 12. Rac1 Bb7 13. e4 e6 14. Rfd1 Rfd8 15. Qe3 Rac8 16. dxc5 Na5 17. Rxd8+ Rxd8 18. Bf1 Ba8 19. h3 Rc8 20. cxb6 Qxb6 21. Qf4 Nc4 22. Be7 Qb7 23. Qh4 Qxe4 24. Qxe4 Bxe4 25. Bxc4 Rxc4 26. Nd2 Bh6 27. Nxc4 Bxc1 28. a4 Bc6 29. a5 a6 30. Ne5 Ba4 31. c4 Bd2 32. c5 Bxa5 33. Bd6 f6 34. Nc4 Bd8 35. Nd2 a5 36. Nc4 Bb5 37. Na3 Bc6 38. g3 e5 39. h4 Kf7 40. Kf1 Ke6 41. Ke2 Kd5 42. Kd3 h5 43. Nc2 Bb5+ 44. Kd2 Kc6 45. Ne3 a4 46. Kc3 Ba5+ 47. Kb2 Be1 48. Nd1 Be2 49. Nc3 a3+ 50. Kb3 Bd3 51. Na2 Be4 0-1


[Site "https://www.chess.com"]

[Event "Titled Tuesday Blitz April 25 Early 2023"]
[White "Korobov, Anton"]
[Black "Demchenko, Anton"]
[WhiteFideId "14105730"]
[BlackFideId "4160258"]
[WhiteElo "2638"]
[BlackElo "2545"]
[Result "1-0"]
[Round "06"]
[TimeControl "180+2"]
[Date "2023.04.25"]
[WhiteClock "0:01:06"]
[BlackClock "0:00:06"]

1. c4 e5 2. d3 d6 3. Nc3 f5 4. g3 Nf6 5. Bg2 Be7 6. e4 fxe4 7. dxe4 Be6 8. Nge2 O-O 9. b3 c5 10. O-O Nc6 11. Nd5 Nd4 12. Nxd4 cxd4 13. f4 Rc8 14. Ba3 Bxd5 15. exd5 b5 16. Rc1 Qa5 17. Bb2 bxc4 18. bxc4 Qxa2 19. Rf2 Qa5 20. Bh3 Rb8 21. Qd3 exf4 22. Bxd4 fxg3 23. hxg3 Qc7 24. Be6+ Kh8 25. Rh2 h6 26. Qg6 Bd8 27. Rxh6+ gxh6 28. Qxh6+ 1-0


[Site "https://www.chess.com"]

[Event "Titled Tuesday Blitz April 25 Early 2023"]
[White "Nguyen, Ngoc Truong Son"]
[Black "Kevlishvili, Robby"]
[WhiteFideId "12401110"]
[BlackFideId "1040634"]
[WhiteElo "2556"]
[BlackElo "2572"]
[Result "1/2-1/2"]
[Round "06"]
[TimeControl "180+2"]
[Date "2023.04.25"]
[WhiteClock "0:00:08"]
[BlackClock "0:00:11"]

1. d4 Nf6 2. c4 g6 3. Nf3 Bg7 4. Nc3 O-O 5. e4 d6 6. Be2 Bg4 7. Be3 a5 8. O-O Bxf3 9. Bxf3 e5 10. dxe5 dxe5 11. Qxd8 Rxd8 12. Nd5 Na6 13. Rad1 c6 14. Nb6 Rab8 15. Bg5 Nc5 16. a3 h6 17. Bxf6 Bxf6 18. b4 axb4 19. axb4 Nd3 20. Be2 Nf4 21. Bg4 Kg7 22. g3 h5 23. gxf4 hxg4 24. fxe5 Bg5 25. Nd7 Ra8 26. e6 fxe6 27. Nc5 Kf6 28. Nxb7 Rxd1 29. Rxd1 Rb8 30. Rd7 Bf4 31. b5 cxb5 32. cxb5 Ke5 33. Kg2 Kxe4 34. b6 Rh8 35. Nc5+ Ke5 36. Nd3+ Ke4 37. Nc5+ Ke5 38. b7 Rxh2+ 39. Kg1 Rh8 40. Nd3+ Ke4 41. Nc5+ Kf3 42. Rd3+ Ke2 43. Rd4 Bh2+ 44. Kg2 Bb8 45. Na6 Ba7 46. Re4+ Kd3 47. Rxe6 Rf8 48. Kg3 Bxf2+ 49. Kxg4 Ba7 50. Rc6 Kd4 51. Rc8 Rf6 52. Nc7 Rb6 53. Rd8+ Ke4 54. Re8+ Kd3 55. Re6 Rxb7 56. Nd5 Rd7 57. Nf4+ Kc2 58. Nxg6 Rd4+ 59. Kf5 Bb8 60. Ne5 Bxe5 61. Kxe5 Rc4 62. Kd5 Rc3 63. Rc6 Rxc6 64. Kxc6 1/2-1/2


[Site "https://www.chess.com"]

[Event "Titled Tuesday Blitz April 25 Early 2023"]
[White "Bilych, Olexiy"]
[Black "Svane, Rasmus"]
[WhiteFideId "14156504"]
[BlackFideId "4657101"]
[WhiteElo "2320"]
[BlackElo "2597"]
[Result "1-0"]
[Round "06"]
[TimeControl "180+2"]
[Date "2023.04.25"]
[WhiteClock "0:00:14"]
[BlackClock "0:00:01"]

1. d4 Nf6 2. c4 e6 3. Nf3 d5 4. Nc3 h6 5. g3 Bd6 6. Bg2 O-O 7. O-O Nc6 8. b3 Re8 9. Bb2 dxc4 10. bxc4 e5 11. e3 Bf5 12. Nb5 exd4 13. exd4 Bf8 14. d5 Nb4 15. Bxf6 gxf6 16. a3 Nc2 17. Ra2 c6 18. Nbd4 Nxd4 19. Nxd4 Bg6 20. dxc6 bxc6 21. Nxc6 Qxd1 22. Rxd1 Rac8 23. a4 Rc7 24. a5 Rec8 25. Nb4 Rxc4 26. Nd5 Kg7 27. a6 Rc1 28. Ra1 Rxd1+ 29. Rxd1 Rc2 30. Ne3 Ra2 31. Bf1 Bc5 32. Bc4 Ra4 33. Bb5 Rb4 34. Bf1 Be4 35. Rc1 Bb6 36. Rc4 Rxc4 37. Bxc4 f5 38. Kf1 Bxe3 39. fxe3 Kf6 40. Ke2 Ke7 41. Kd2 f6 42. Kc3 Kd6 43. Kd4 Bc6 44. Bd3 Bd7 45. Bc2 Be6 46. Ba4 Bc8 47. Bb5 Be6 48. Ba4 Bf7 49. Bb5 Bg6 50. Bd3 Be8 51. Bxf5 Bb5 52. Bd3 Bxd3 53. Kxd3 Kc5 54. Ke4 Kb6 55. Kf5 Kxa6 56. Kxf6 Kb6 57. e4 a5 58. e5 a4 59. e6 a3 60. e7 a2 61. e8=Q a1=Q+ 62. Qe5 Qf1+ 63. Kg6 Qg2 64. Qe3+ Kc7 65. Qxh6 Qe4+ 66. Kh5 Qe2+ 67. Kg6 Qe6+ 68. Kh7 Qe4+ 69. Qg6 Qg2 70. Qf7+ Kd6 71. Qf4+ Kd5 72. h4 Qc2+ 73. Kh6 Qc6+ 74. Kh5 Qe8+ 75. Kg4 Kc5 76. Qf5+ Kb4 77. Kf3 Ka3 78. Qd3+ Ka4 79. Qe4+ 1-0


[Site "https://www.chess.com"]

[Event "Titled Tuesday Blitz April 25 Early 2023"]
[White "Bashirli, Nail"]
[Black "Nakamura, Hikaru"]
[WhiteFideId "13406809"]
[BlackFideId "2016192"]
[WhiteElo "2322"]
[BlackElo "2885"]
[Result "0-1"]
[Round "06"]
[TimeControl "180+2"]
[Date "2023.04.25"]
[WhiteClock "0:00:01"]
[BlackClock "0:01:08"]

1. e4 g6 2. d4 Bg7 3. Nc3 a6 4. f4 c6 5. Nf3 d5 6. e5 Bg4 7. Be2 h5 8. O-O e6 9. h3 Bxf3 10. Bxf3 h4 11. Ne2 Ne7 12. Qd3 Nd7 13. b3 Nf5 14. Bd2 Bf8 15. Be1 c5 16. Bf2 Rc8 17. c3 Be7 18. Rac1 c4 19. bxc4 Rxc4 20. Kh2 b5 21. Bg4 Ng7 22. Ng1 Nb6 23. Nf3 Ra4 24. Rc2 Nc4 25. Qe2 Ra3 26. Rb1 Nh5 27. Bxh5 Rxh5 28. Rb3 Ra4 29. Ne1 Na5 30. Rb1 Rc4 31. Nd3 Kf8 32. Be3 Kg7 33. Bd2 Rc8 34. Rf1 Nc4 35. Bc1 Rf5 36. Qg4 Qa5 37. Rf3 Qa4 38. Rff2 b4 39. cxb4 Rb8 40. a3 a5 41. Nc5 Qc6 42. bxa5 Rh8 43. Nd3 Qb5 44. a6 Qxa6 45. Nb4 Qb5 46. Bd2 Nxa3 0-1


[Site "https://www.chess.com"]

[Event "Titled Tuesday Blitz April 25 Early 2023"]
[White "Sarana, Alexey"]
[Black "Harsha Bharathakoti"]
[WhiteFideId "24133795"]
[BlackFideId "5078776"]
[WhiteElo "2714"]
[BlackElo "2504"]
[Result "0-1"]
[Round "06"]
[TimeControl "180+2"]
[Date "2023.04.25"]
[WhiteClock "0:00:01"]
[BlackClock "0:00:04"]

1. d4 Nf6 2. c4 e6 3. Nc3 Bb4 4. e3 O-O 5. Bd3 d5 6. a3 Bxc3+ 7. bxc3 dxc4 8. Bxc4 c5 9. Ne2 Qc7 10. Ba2 b6 11. O-O Bb7 12. f3 Nc6 13. e4 Rfd8 14. Qa4 cxd4 15. cxd4 h6 16. Be3 Rac8 17. Rfd1 Na5 18. Rac1 Qe7 19. Qb4 Qd7 20. Nf4 Rxc1 21. Rxc1 Nc6 22. Qa4 Nxd4 23. Qxd7 Rxd7 24. Kf2 g5 25. Nd3 Nxf3 26. Nc5 bxc5 27. gxf3 c4 28. Rxc4 a6 29. Bd4 Nh5 30. Rb4 Nf4 31. Ke3 Kh7 32. Bc4 a5 33. Rb2 Bc6 34. Be5 Ng6 35. Bf6 Nf4 36. h4 Kg6 37. hxg5 hxg5 38. Be5 f6 39. Bxf4 gxf4+ 40. Kxf4 e5+ 41. Ke3 Rd4 42. Rg2+ Kh7 43. Be6 Ra4 44. Ra2 Kg7 45. Bb3 Rd4 46. Rg2+ Kf8 47. Rg8+ Ke7 48. Rg7+ Kd8 49. Rf7 Bb5 50. Bd5 Rd3+ 51. Kf2 Rxa3 52. Rxf6 Bd7 53. Ra6 a4 54. Ra7 Rc3 55. Ke2 a3 56. Kf2 Ke8 57. Ke2 Kd8 58. Kf2 Be8 59. Kg3 Bh5 60. Kh4 Bxf3 61. Kg5 Bd1 62. Kf6 Kc8 63. Kxe5 Kb8 64. Rb7+ Kc8 65. Ra7 Kb8 66. Rb7+ Kc8 67. Rb6 Kc7 68. Ra6 Be2 69. Ra5 Kb6 70. Ra8 Kc5 71. Rc8+ Kb4 72. Rb8+ Ka5 73. Kd4 Rg3 74. Ra8+ Kb4 75. Rb8+ Ka5 76. Kc5 Rc3+ 77. Kd6 Bb5 78. Ra8+ Kb4 79. e5 Rd3 80. e6 Bc4 81. e7 Rxd5+ 82. Kc7 Re5 83. Kd6 Re6+ 84. Kd7 Re2 85. Kd6 Bb5 0-1


[Site "https://www.chess.com"]

[Event "Titled Tuesday Blitz April 25 Early 2023"]
[White "So, Wesley"]
[Black "Kravtsiv, Martyn"]
[WhiteFideId "5202213"]
[BlackFideId "14113147"]
[WhiteElo "2749"]
[BlackElo "2695"]
[Result "1-0"]
[Round "06"]
[TimeControl "180+2"]
[Date "2023.04.25"]
[WhiteClock "0:00:11"]
[BlackClock "0:00:01"]

1. e4 e5 2. Nf3 Nc6 3. Bb5 a6 4. Ba4 Nf6 5. O-O Be7 6. Bxc6 dxc6 7. Re1 Nd7 8. d4 exd4 9. Qxd4 O-O 10. Bf4 Nc5 11. Qe3 Ne6 12. Bg3 Bc5 13. Qc3 a5 14. Nbd2 b6 15. Rad1 Bb4 16. Qe3 Qe7 17. a3 Bc5 18. Qc3 a4 19. Nc4 b5 20. Nce5 Ra6 21. Nd3 Bb6 22. Nb4 Ba5 23. Nxc6 Rxc6 24. Qxc6 Bxe1 25. Rxe1 Bd7 26. Qc3 Rd8 27. Rd1 Be8 28. Rxd8 Qxd8 29. h4 h6 30. Kh2 c5 31. Ne5 Qd4 32. Qxd4 Nxd4 33. c3 Ne2 34. f3 b4 35. cxb4 cxb4 36. axb4 Bb5 37. Be1 h5 38. Bd2 f6 39. Ng6 Kf7 40. Nf4 Nxf4 41. Bxf4 Ke6 42. Kg3 f5 43. exf5+ Kxf5 44. Bd2 g6 45. Kf2 Ke5 46. Ke3 Bf1 47. Bc3+ Kd5 48. g4 Bg2 49. Kf2 Bh1 50. Kg3 Kc4 51. Bd2 Kb5 52. Kf2 Kc4 53. Be1 Kb5 54. gxh5 gxh5 55. f4 Kc4 56. f5 Be4 57. f6 Bg6 58. Ke3 1-0


[Site "https://www.chess.com"]

[Event "Titled Tuesday Blitz April 25 Early 2023"]
[White "Janik, Igor"]
[Black "Andreikin, Dmitry"]
[WhiteFideId "1159259"]
[BlackFideId "4158814"]
[WhiteElo "2484"]
[BlackElo "2736"]
[Result "0-1"]
[Round "06"]
[TimeControl "180+2"]
[Date "2023.04.25"]
[WhiteClock "0:00:13"]
[BlackClock "0:00:09"]

1. e4 c6 2. Nf3 d5 3. d3 Bg4 4. h3 Bh5 5. g4 Bg6 6. Nc3 e6 7. h4 h6 8. h5 Bh7 9. Qe2 Bc5 10. g5 hxg5 11. Nxg5 Nh6 12. Bg2 Qe7 13. Bd2 Nd7 14. O-O-O d4 15. Nb1 a5 16. f4 a4 17. a3 Bg8 18. Bf3 f6 19. Nh3 e5 20. Qg2 Ba2 21. Rdg1 Rg8 22. fxe5 Nxe5 23. Nf4 Nhf7 24. Ng6 Nxg6 25. Qxg6 O-O-O 26. Bf4 Ne5 27. Qg3 Bd6 28. Nd2 g5 29. hxg6 Rxg6 30. Qh2 Rdg8 31. Rxg6 Rxg6 32. Be2 Qg7 33. Qf2 Rg2 34. Qxd4 Nxd3+ 35. Qxd3 Bxf4 36. Re1 Qg3 37. Kd1 Qxd3 38. cxd3 Kc7 39. Rf1 Be5 40. Bf3 Rh2 41. Rh1 Rxh1+ 42. Bxh1 Bxb2 43. Kc2 Bxa3 44. d4 b5 45. Bf3 b4 46. e5 b3+ 47. Kc3 fxe5 48. dxe5 Bc1 49. Nc4 a3 50. Be4 c5 51. e6 Kd8 52. Bf5 Ke7 53. Be4 Kxe6 54. Bd3 Kf6 55. Be4 Kg5 56. Bd3 Kf4 57. Bh7 Kf3 58. Bg6 Kf2 59. Bh7 Kg3 60. Bg6 Kf4 61. Bh7 Kg5 62. Be4 Kf6 63. Bd3 Ke7 64. Be4 Kd8 65. Bd3 Kc7 66. Be4 Kb8 67. Bd3 Ka7 68. Be4 Ka6 69. Bd3 Ka7 70. Be4 Kb8 71. Bd3 Kc7 72. Be4 Kd8 73. Bf5 Ke7 74. Be4 Ke6 75. Bd3 Kd5 76. Bf5 Bg5 77. Bg6 Bf6+ 78. Kd3 Bb1+ 0-1


[Site "https://www.chess.com"]

[Event "Titled Tuesday Blitz April 25 Early 2023"]
[White "Pultinevicius, Paulius"]
[Black "Bluebaum, Matthias"]
[WhiteFideId "12809390"]
[BlackFideId "24651516"]
[WhiteElo "2529"]
[BlackElo "2638"]
[Result "0-1"]
[Round "06"]
[TimeControl "180+2"]
[Date "2023.04.25"]
[WhiteClock "0:00:01"]
[BlackClock "0:00:04"]

1. d4 d5 2. c4 e6 3. Nf3 Nf6 4. Nc3 Bb4 5. e3 O-O 6. Bd2 Re8 7. Rc1 h6 8. Bd3 dxc4 9. Bxc4 a6 10. O-O b5 11. Bb3 Bb7 12. Ne4 Bxd2 13. Nexd2 Nbd7 14. Qe2 c5 15. dxc5 Rc8 16. Rfd1 Qa5 17. a3 Nxc5 18. Bc2 Qb6 19. e4 Red8 20. Qe3 Ng4 21. Qe2 Nd7 22. e5 Rc5 23. b4 Rc7 24. h3 Rdc8 25. hxg4 Rxc2 26. Rxc2 Rxc2 27. g5 Bxf3 28. gxf3 hxg5 29. Qd3 Qc7 30. Ne4 Nxe5 31. Qe3 f6 32. Nc5 Qc6 33. f4 Nf3+ 34. Kf1 Nh2+ 35. Kg1 Ng4 36. Rd8+ Kf7 37. Qe1 Rxf2 38. Rd7+ Ke8 39. Ne4 Qxd7 40. Nxf2 Nxf2 41. Qxf2 gxf4 42. Qxf4 Kf7 0-1


[Site "https://www.chess.com"]

[Event "Titled Tuesday Blitz April 25 Early 2023"]
[White "Lazavik, Denis"]
[Black "Narayanan, Srinath"]
[WhiteFideId "13515110"]
[BlackFideId "5018420"]
[WhiteElo "2560"]
[BlackElo "2438"]
[Result "1-0"]
[Round "06"]
[TimeControl "180+2"]
[Date "2023.04.25"]
[WhiteClock "0:00:48"]
[BlackClock "0:00:23"]

1. d4 Nf6 2. c4 e6 3. Nf3 d5 4. g3 Be7 5. Bg2 O-O 6. O-O dxc4 7. Qc2 a6 8. a4 Bd7 9. Qxc4 Bc6 10. Bg5 a5 11. Rd1 Na6 12. Nc3 Nb4 13. Bxf6 Bxf6 14. e4 g6 15. h4 h5 16. Rd2 Bg7 17. Rad1 Bh6 18. Re2 Bg7 19. Ree1 Nc2 20. Rf1 Nb4 21. d5 exd5 22. exd5 Bd7 23. Ng5 Ra6 24. Nb5 Bxb2 25. Nxc7 Bxa4 26. Nxa6 bxa6 27. d6 Bxd1 28. Rxd1 Qc8 29. Qe2 Bf6 30. d7 Qc2 31. Qf3 Bxg5 32. hxg5 Rd8 33. Re1 Qa4 34. Bh3 Nc2 35. Re7 1-0


[Site "https://www.chess.com"]

[Event "Titled Tuesday Blitz April 25 Early 2023"]
[White "Le, Tuan Minh"]
[Black "Kukhmazov, Arsen"]
[WhiteFideId "12401153"]
[BlackFideId "24108260"]
[WhiteElo "2566"]
[BlackElo "2396"]
[Result "1-0"]
[Round "06"]
[TimeControl "180+2"]
[Date "2023.04.25"]
[WhiteClock "0:00:50"]
[BlackClock "0:00:03"]

1. d4 d5 2. Nf3 Nf6 3. Bf4 c5 4. c3 Nc6 5. e3 Qb6 6. Qc2 cxd4 7. exd4 Bf5 8. Qb3 e6 9. Nbd2 h6 10. Be2 Be7 11. O-O O-O 12. Rfe1 Ne4 13. Nf1 Bd6 14. Be3 Qc7 15. Ng3 Nxg3 16. hxg3 b5 17. Qd1 Rab8 18. Rc1 Na5 19. Bd3 Bxd3 20. Qxd3 Rfc8 21. b3 Qe7 22. g4 f6 23. Bd2 Qf7 24. Re2 Re8 25. Rce1 Nc6 26. g3 Rb7 27. Kg2 a6 28. c4 bxc4 29. bxc4 Nb4 30. Bxb4 Bxb4 31. Rc1 dxc4 32. Rxc4 a5 33. Rc6 Rd7 34. Qc4 Rd6 35. Rc7 Rd7 36. Rc8 Rxc8 37. Qxc8+ Bf8 38. Qa6 Rd5 39. Rxe6 a4 40. Rb6 a3 41. Rb8 Kh7 42. Qa8 Bd6 43. Rh8+ Kg6 44. Rd8 Qe6 45. Nh4+ Kh7 46. Rh8# 1-0


[Site "https://www.chess.com"]

[Event "Titled Tuesday Blitz April 25 Early 2023"]
[White "Azarov, Sergei"]
[Black "Paravyan, David"]
[WhiteFideId "13501470"]
[BlackFideId "4194985"]
[WhiteElo "2475"]
[BlackElo "2563"]
[Result "0-1"]
[Round "06"]
[TimeControl "180+2"]
[Date "2023.04.25"]
[WhiteClock "0:00:05"]
[BlackClock "0:00:08"]

1. e4 e5 2. Nf3 Nf6 3. Nxe5 d6 4. Nf3 Nxe4 5. Bd3 Nf6 6. O-O Be7 7. c3 O-O 8. h3 Re8 9. Bc2 b6 10. d4 Bb7 11. a4 a5 12. Nbd2 Nbd7 13. Re1 Nf8 14. Nf1 Ng6 15. Ng3 Bf8 16. Rxe8 Qxe8 17. Qd3 Ba6 18. Qd1 h6 19. Bd2 Qc6 20. Qb1 Bc4 21. Bxg6 fxg6 22. Qxg6 Bf7 23. Qf5 Qd5 24. Re1 Qxf5 25. Nxf5 Bb3 26. N3h4 Bxa4 27. Ng6 Bd7 28. g4 Kf7 29. Nxf8 Bxf5 30. gxf5 Rxf8 31. c4 Ng8 32. c5 Ne7 33. cxb6 cxb6 34. Rc1 Nxf5 35. Kg2 Ke6 36. Rc7 Kd5 37. Bf4 g5 38. Bd2 Nxd4 39. Rb7 Kc6 40. Rh7 Nf5 41. Bc3 a4 42. Ra7 b5 43. Bb4 Kd5 44. Rc7 Nh4+ 45. Kg1 Rf4 46. Bc3 b4 47. Bg7 Nf5 48. Bh8 Rc4 49. Ra7 b3 50. Kg2 h5 51. Ra5+ Ke6 52. Ra7 g4 53. hxg4 hxg4 54. Kg1 Rc1+ 55. Kg2 Rc4 56. Kg1 Nh4 57. Bg7 Ng6 58. Bh6 Ne5 59. Be3 Nd3 60. Rh7 Nxb2 61. Rh6+ Kd7 62. Rh7+ Kc6 63. Ra7 Nd3 64. Ra6+ Kd5 65. Ra5+ Ke6 66. Kg2 b2 67. Rb5 Rb4 0-1


[Site "https://www.chess.com"]

[Event "Titled Tuesday Blitz April 25 Early 2023"]
[White "Atakishiyev, Elmar"]
[Black "Bortnyk, Olexandr"]
[WhiteFideId "13410547"]
[BlackFideId "14120828"]
[WhiteElo "2239"]
[BlackElo "2734"]
[Result "1-0"]
[Round "06"]
[TimeControl "180+2"]
[Date "2023.04.25"]
[WhiteClock "0:00:13"]
[BlackClock "0:00:04"]

1. c4 d6 2. Nc3 Nf6 3. e4 g6 4. d4 Bg7 5. Be2 Nbd7 6. Bg5 h6 7. Be3 e5 8. d5 Qe7 9. h3 c5 10. Nf3 O-O 11. Qd2 Kh7 12. O-O Ne8 13. Ne1 f5 14. f3 f4 15. Bf2 Bf6 16. a3 Bh4 17. b4 b6 18. Nd3 Bxf2+ 19. Rxf2 h5 20. Rb1 Rf7 21. bxc5 bxc5 22. Bd1 Nb6 23. Qa2 Ba6 24. Nb5 g5 25. a4 Rg7 26. a5 Nd7 27. Rfb2 Ndf6 28. Nf2 Bc8 29. Qa3 a6 30. Nc3 g4 31. fxg4 hxg4 32. hxg4 Bxg4 33. Bxg4 Nxg4 34. Nxg4 Rxg4 35. Nd1 Qh4 36. Rb7+ Kg6 37. Nf2 Rg3 38. R1b3 Nf6 39. Rxg3+ fxg3 40. Nh3 Nxe4 41. Qf3 Nf6 42. Kh1 Rh8 43. Rb6 Ne4 44. Rxa6 Nf2+ 45. Kg1 Nxh3+ 46. gxh3 Qd4+ 47. Kg2 Qd2+ 48. Kxg3 Qe1+ 49. Kh2 Qd2+ 50. Kg3 Qg5+ 51. Kh2 Qd2+ 52. Qg2+ Qxg2+ 53. Kxg2 Rd8 54. Rb6 Kf5 55. a6 e4 56. a7 Ra8 57. Rb7 Ke5 58. h4 Kd4 59. h5 Kxc4 60. h6 e3 61. h7 Kxd5 62. Rb8 e2 63. Kf2 Rxa7 64. h8=Q Rf7+ 65. Kxe2 Re7+ 66. Kd2 Re5 67. Qg8+ Kd4 68. Rb3 c4 69. Rf3 d5 70. Rf4+ Kc5 71. Qf8+ Kc6 72. Rf6+ 1-0


[Site "https://www.chess.com"]

[Event "Titled Tuesday Blitz April 25 Early 2023"]
[White "Shimanov, Aleksandr"]
[Black "Djordjevic, Vuk"]
[WhiteFideId "4198603"]
[BlackFideId "902098"]
[WhiteElo "2631"]
[BlackElo "2452"]
[Result "1-0"]
[Round "06"]
[TimeControl "180+2"]
[Date "2023.04.25"]
[WhiteClock "0:00:12"]
[BlackClock "0:00:01"]

1. e4 e6 2. Qe2 c5 3. Nf3 Nc6 4. g3 Be7 5. Bg2 d5 6. e5 Nh6 7. d3 Nf5 8. c3 h5 9. h3 b5 10. a4 b4 11. Nbd2 Ba6 12. O-O Rb8 13. c4 Ncd4 14. Nxd4 Nxd4 15. Qd1 b3 16. Ra3 dxc4 17. dxc4 Qb6 18. h4 Bb7 19. a5 Qb4 20. Bxb7 Rxb7 21. Re1 Rd7 22. Re3 O-O 23. Qxh5 Rfd8 24. Qg4 Nf5 25. Rexb3 Rxd2 26. Rxb4 cxb4 27. Ra1 Rd1+ 28. Kg2 Re1 29. Qf3 Rdd1 30. Qa8+ Kh7 31. Qxa7 Rxc1 32. Rxc1 Rxc1 33. a6 b3 34. Qb7 Ra1 35. a7 Bc5 36. a8=Q Rxa8 37. Qxa8 Nd4 38. Qc8 Bb4 39. Qb7 Bd2 40. Qe4+ 1-0


[Site "https://www.chess.com"]

[Event "Titled Tuesday Blitz April 25 Early 2023"]
[White "Postny, Evgeny"]
[Black "Hakobyan, Aram"]
[WhiteFideId "2804344"]
[BlackFideId "13306677"]
[WhiteElo "2504"]
[BlackElo "2584"]
[Result "0-1"]
[Round "06"]
[TimeControl "180+2"]
[Date "2023.04.25"]
[WhiteClock "0:00:07"]
[BlackClock "0:00:10"]

1. e4 g6 2. d4 Bg7 3. c4 d6 4. Nc3 c5 5. dxc5 Bxc3+ 6. bxc3 dxc5 7. Qxd8+ Kxd8 8. Bf4 Nc6 9. O-O-O+ Ke8 10. e5 Bg4 11. Nf3 Bxf3 12. gxf3 e6 13. h4 h6 14. Bd3 Rd8 15. Be4 Nge7 16. Rd6 Kf8 17. Rhd1 Kg7 18. Rd7 Rxd7 19. Rxd7 Rb8 20. h5 gxh5 21. Bg3 Ng6 22. f4 h4 23. Bh2 Nce7 24. f5 exf5 25. Bd5 f4 26. e6 fxe6 27. Bxe6 Kf6 28. Bh3 a6 29. Kd1 b5 30. Rd6+ Kg7 31. Rxa6 bxc4 32. Kc2 h5 33. Ra5 Nd5 34. Rxc5 Nf6 35. Rc7+ Kh6 36. Rc6 Kg7 37. Bf5 Re8 38. Kd1 Re5 39. Bxg6 Kxg6 40. Bxf4 Rf5 41. Be3 h3 42. Rxc4 Ng4 43. Rc5 Nxe3+ 0-1


[Site "https://www.chess.com"]

[Event "Titled Tuesday Blitz April 25 Early 2023"]
[White "Esipenko, Andrey"]
[Black "Cherniaiev, Tykhon"]
[WhiteFideId "24175439"]
[BlackFideId "14182360"]
[WhiteElo "2615"]
[BlackElo "2450"]
[Result "1-0"]
[Round "06"]
[TimeControl "180+2"]
[Date "2023.04.25"]
[WhiteClock "0:00:21"]
[BlackClock "0:00:01"]

1. d4 Nf6 2. c4 e6 3. Nf3 d5 4. g3 Be7 5. Bg2 O-O 6. Qb3 dxc4 7. Qxc4 a6 8. Qc2 Bd7 9. Nbd2 c5 10. dxc5 Qa5 11. Ne5 Bxc5 12. O-O Qc7 13. Ndc4 Nc6 14. Bf4 Nxe5 15. Bxe5 Qc8 16. Rac1 Bb5 17. a4 Bxc4 18. Qxc4 Nd7 19. Bd4 Bxd4 20. Qxd4 Qe8 21. Bxb7 Rd8 22. Bc6 Nb8 23. Qe4 Nxc6 24. Rxc6 Rd2 25. Rxa6 Rxb2 26. Ra1 Qe7 27. a5 Rfb8 28. Ra8 Qf6 29. Rxb8+ Rxb8 30. Ra2 Qe7 31. a6 Qa7 32. e3 h6 33. h4 Kh8 34. h5 Kg8 35. Qd3 Kh8 36. Rc2 Kg8 37. Rc6 1-0


[Site "https://www.chess.com"]

[Event "Titled Tuesday Blitz April 25 Early 2023"]
[White "Van Foreest, Jorden"]
[Black "Mirzoev, Azer"]
[WhiteFideId "1039784"]
[BlackFideId "13400304"]
[WhiteElo "2633"]
[BlackElo "2525"]
[Result "0-1"]
[Round "06"]
[TimeControl "180+2"]
[Date "2023.04.25"]
[WhiteClock "0:00:07"]
[BlackClock "0:00:07"]

1. e4 Nf6 2. e5 Nd5 3. d4 d6 4. Nf3 dxe5 5. Nxe5 c6 6. Bc4 Nd7 7. Nf3 N7f6 8. h3 Bf5 9. O-O e6 10. Re1 h6 11. a4 Be7 12. Bb3 O-O 13. Nbd2 c5 14. Nc4 Rc8 15. Nce5 Bh7 16. c3 cxd4 17. Nxd4 Bc5 18. a5 a6 19. Ra4 Qc7 20. Qf3 Rfd8 21. Nxf7 Qxf7 22. Nxe6 Re8 23. Qe2 Kh8 24. Qe5 Bxf2+ 25. Kxf2 Rxe6 26. Qxe6 Ne4+ 27. Kg1 Qxe6 28. Rd4 Qf6 29. Rf1 Qe7 30. Bxd5 Nf6 31. Bf3 Rd8 32. Rb4 Rd7 33. Kh1 Bd3 34. Rg1 Bb5 35. Bf4 Bc6 36. Bxc6 bxc6 37. Bh2 Nd5 38. Rb8+ Kh7 39. Ra8 Qe2 40. Rxa6 Qxa6 0-1


[Site "https://www.chess.com"]

[Event "Titled Tuesday Blitz April 25 Early 2023"]
[White "Kuzubov, Yuriy"]
[Black "Shuvalova, Polina"]
[WhiteFideId "14112906"]
[BlackFideId "24171760"]
[WhiteElo "2496"]
[BlackElo "2281"]
[Result "1-0"]
[Round "06"]
[TimeControl "180+2"]
[Date "2023.04.25"]
[WhiteClock "0:00:22"]
[BlackClock "0:00:04"]

1. d4 Nf6 2. c4 e6 3. Nc3 d5 4. Nf3 c5 5. cxd5 Nxd5 6. e4 Nxc3 7. bxc3 cxd4 8. cxd4 Bb4+ 9. Bd2 Bxd2+ 10. Qxd2 O-O 11. Bb5 b6 12. O-O Bb7 13. Rfe1 Nd7 14. a4 Nf6 15. Bd3 h6 16. h3 Qc7 17. a5 bxa5 18. Rxa5 Rfc8 19. Ne5 Qc3 20. Qxc3 Rxc3 21. f3 Bc8 22. Bb5 Rc7 23. Rea1 Bd7 24. Bd3 Be8 25. Kf2 g5 26. Ke3 Kg7 27. g4 Nd7 28. Nc4 Nf8 29. h4 gxh4 30. Rh1 a6 31. Nd6 Ng6 32. f4 Rd8 33. Nxe8+ Rxe8 34. f5 exf5 35. gxf5 Nf8 36. Rxh4 Nh7 37. Rxa6 f6 38. Rh1 Ng5 39. Rha1 Rce7 40. Ra7 h5 41. Rxe7+ Rxe7 42. Rh1 Kh6 43. Kf4 Rd7 44. d5 Nf7 45. Be2 Ne5 46. Bxh5 Kg7 47. Ra1 Rc7 48. Ke3 Rc3+ 49. Kd4 Rc4+ 50. Ke3 Rc3+ 51. Kd2 Rd3+ 52. Ke2 Rh3 53. Ra7+ Kh6 54. Bf7 Kg5 55. Be6 Kf4 56. Ra4 Re3+ 57. Kd2 Rxe4 58. Rxe4+ Kxe4 59. d6 Nc6 60. d7 Nd8 61. Kc3 Ke5 62. Kc4 Kd6 63. Kd4 Nc6+ 64. Kc4 Ne5+ 65. Kd4 Nxd7 66. Bxd7 Kxd7 67. Kd5 Ke7 68. Kc6 Ke8 69. Kd6 Kd8 70. Ke6 Ke8 71. Kxf6 Kf8 72. Ke6 Ke8 73. f6 Kf8 74. f7 Kg7 75. Ke7 Kh7 76. f8=Q Kg6 77. Qf3 Kh7 78. Qg4 Kh8 79. Kf7 Kh7 80. Qh5# 1-0


[Site "https://www.chess.com"]

[Event "Titled Tuesday Blitz April 25 Early 2023"]
[White "Lewicki, Miroslaw"]
[Black "Corrales Jimenez, Fidel"]
[WhiteFideId "1113380"]
[BlackFideId "3506690"]
[WhiteElo "2212"]
[BlackElo "2541"]
[Result "0-1"]
[Round "06"]
[TimeControl "180+2"]
[Date "2023.04.25"]
[WhiteClock "0:00:06"]
[BlackClock "0:00:42"]

1. g3 d5 2. Bg2 c6 3. Nf3 h6 4. O-O Bf5 5. d3 e6 6. Nbd2 Nf6 7. c3 Be7 8. Re1 O-O 9. Qc2 a5 10. e4 dxe4 11. dxe4 Bh7 12. Qb3 b5 13. Nd4 Nfd7 14. e5 Nc5 15. Qd1 Ra6 16. Ne4 Nbd7 17. Nxc5 Bxc5 18. Nxc6 Rxc6 19. Bxc6 Qb6 20. Bxd7 Bxf2+ 21. Kf1 Bxe1 22. Kxe1 Rd8 23. Qd6 Qg1+ 24. Ke2 Qxh2+ 25. Kf3 Qh1+ 26. Kf2 Be4 27. Qe7 Qf3+ 28. Ke1 Qxg3+ 29. Ke2 Qd3+ 30. Kf2 Rxd7 31. Qe8+ Kh7 32. Be3 Qc2+ 33. Kg3 Qg2+ 34. Kf4 Qf3# 0-1


[Site "https://www.chess.com"]

[Event "Titled Tuesday Blitz April 25 Early 2023"]
[White "Wieczorek, Oskar"]
[Black "Mitrabha, Guha"]
[WhiteFideId "1133950"]
[BlackFideId "5057000"]
[WhiteElo "2418"]
[BlackElo "2507"]
[Result "0-1"]
[Round "06"]
[TimeControl "180+2"]
[Date "2023.04.25"]
[WhiteClock "0:00:06"]
[BlackClock "0:00:37"]

1. e4 c6 2. d4 d5 3. Nd2 dxe4 4. Nxe4 Nf6 5. Nxf6+ gxf6 6. c3 h5 7. Nf3 h4 8. Be2 Bf5 9. O-O e6 10. Be3 Nd7 11. Qb3 Qc7 12. a4 Bd6 13. a5 a6 14. c4 O-O-O 15. c5 Bf4 16. Bxf4 Qxf4 17. Qe3 Qc7 18. b4 Rdg8 19. Kh1 Rg4 20. h3 Rg7 21. Nd2 e5 22. Nc4 Kb8 23. Nd6 Be6 24. Bf3 Rhg8 25. Rg1 exd4 26. Qxd4 Ne5 27. Be4 Qd7 28. Qc3 Ng6 29. Rad1 Qe7 30. Rge1 Nf4 31. Rg1 Ne2 32. Qf3 Nxg1 33. Rxg1 Bd7 34. Qf4 Qe5 35. Qxh4 f5 36. Bf3 f4 37. Rd1 Be6 38. Qe7 f6 39. Nf7 Rxf7 40. Rd8+ Rxd8 0-1


[Site "https://www.chess.com"]